TOP OF THE 1ST |
Mississippi Mockingbirds batting - Pitching for Thunder Bay Northern Lions BC : RHP Roger Rodenburg
|
Pitching: RHP Roger Rodenburg
|
|
Batting: LHB Warren King
|
0-0: Ball 1-0: Called Strike 1-1: Ball 2-1: Ball 3-1: Base on Balls
|
Batting: LHB Rylen Roersma
|
0-0: Ball 1-0: Called Strike 1-1: Fly out, F4 (Popup, 34, EV 61.9 MPH)
|
Batting: RHB Doug Allerdale
|
0-0: Ball 1-0: DOUBLE (Line Drive, 9LS, EV 88.1 MPH) Warren King to third
|
Batting: RHB Júlio Coronado
|
0-0: Ball 1-0: Foul Ball, location: 2F 1-1: Called Strike 1-2: Ball 2-2: Foul Ball, location: 2F 2-2: Foul Ball, location: 2F 2-2: Foul Ball, location: 2F 2-2: Ball 3-2: 3-RUN HOME RUN (Line Drive, 78XD, EV 108.1 MPH), Distance : 434 ft
|
Batting: LHB Jesús Lazcano
|
0-0: Ball 1-0: Swinging Strike 1-1: Ball 2-1: Foul Ball, location: 2F 2-2: Foul Ball, location: 2F 2-2: Ball 3-2: Fly out, F9 (Line Drive, 9D, EV 84.4 MPH)
|
Batting: LHB Seb Blanch
|
0-0: Swinging Strike 0-1: Ground out 1-3 (Groundball, 25, EV 90.6 MPH)
|
Top of the 1st over - 3 runs, 2 hits, 0 errors, 0 left on base; Mississippi 3 - Thunder Bay 0 |
BOTTOM OF THE 1ST |
Thunder Bay Northern Lions BC batting - Pitching for Mississippi Mockingbirds : RHP Gary Ashley
|
Pitching: RHP Gary Ashley
|
|
Batting: LHB Ramón Padilla
|
0-0: Swinging Strike 0-1: Foul Ball, location: 2F 0-2: Foul Ball, location: 2F 0-2: Ball 1-2: Foul Ball, location: 2F 1-2: Ball 2-2: Foul Ball, location: 2F 2-2: Ball 3-2: SOLO HOME RUN (Flyball, 9LD, EV 112.5 MPH), Distance : 349 ft
|
Batting: RHB Charles Josse
|
0-0: Called Strike 0-1: Ball 1-1: Ball 2-1: Foul Ball, location: 2F 2-2: Strikes out swinging
|
Batting: LHB Keaton Kringlen
|
0-0: Swinging Strike 0-1: Called Strike 0-2: Ground out 4-3 (Groundball, 4, EV 86.9 MPH)
|
Batting: LHB Sébastien Cornu
|
0-0: Foul Ball, location: 2F 0-1: Foul Ball, location: 2F 0-2: Ball 1-2: Ball 2-2: Foul Ball, location: 2F 2-2: Strikes out swinging
|
Bottom of the 1st over - 1 run, 1 hit, 0 errors, 0 left on base; Mississippi 3 - Thunder Bay 1 |
TOP OF THE 2ND |
Mississippi Mockingbirds batting - Pitching for Thunder Bay Northern Lions BC : RHP Roger Rodenburg
|
Batting: RHB Yong-hong Ren
|
0-0: Ball 1-0: SINGLE (Groundball, 34S, EV 81.9 MPH) (infield hit)
|
Batting: LHB Wu-shun Chu
|
0-0: Ball 1-0: Ball 2-0: Fly out, F7 (Flyball, 7D, EV 105.6 MPH)
|
Batting: RHB Jorge Muńóz
|
0-0: Ball 1-0: Ball 2-0: Foul Ball, location: 2F 2-1: Foul Ball, location: 2F 2-2: Foul Ball, location: 2F 2-2: Strikes out swinging
|
Batting: LHB Warren King
|
0-0: Ball 1-0: Called Strike 1-1: Hit by Pitch Yong-hong Ren to second
|
Batting: LHB Rylen Roersma
|
0-0: Ball 1-0: Called Strike 1-1: Fly out, F8 (Flyball, 8RXD, EV 108.1 MPH)
|
Top of the 2nd over - 0 runs, 1 hit, 0 errors, 2 left on base; Mississippi 3 - Thunder Bay 1 |
BOTTOM OF THE 2ND |
Thunder Bay Northern Lions BC batting - Pitching for Mississippi Mockingbirds : RHP Gary Ashley
|
Batting: RHB Curf Pierstisnips
|
0-0: SINGLE (Line Drive, 8RS, EV 110.6 MPH)
|
Batting: LHB Yao-pang Chiang
|
0-0: SINGLE (Line Drive, 89S, EV 111.2 MPH) Curf Pierstisnips to second Runner from 2nd tries for 3rd, SAFE, throw by RF made to third
|
Batting: RHB Dusty Crum
|
0-0: Foul Ball, location: 2F 0-1: Ball 1-1: Ball 2-1: Ball 3-1: SINGLE (Groundball, 56D, EV 100.0 MPH) Curf Pierstisnips scores Yao-pang Chiang to second
|
Batting: RHB Griffin Woodfinlevine
|
0-0: Foul Ball, location: 2F 0-1: Ball 1-1: Foul Ball, location: 2F 1-2: Foul Ball, location: 2F 1-2: DOUBLE (Line Drive, 78M, EV 105.0 MPH) Yao-pang Chiang scores Dusty Crum to third
|
Batting: LHB Barry Flauker
|
0-0: Ball 1-0: Ball 2-0: Called Strike 2-1: Foul Ball, location: 2F 2-2: Strikes out swinging
|
Batting: LHB Ramón Padilla
|
0-0: Called Strike 0-1: Fly out, F8 (Flyball, 8RD, EV 99.4 MPH) Runner from 3rd tags up, SCORES, throw by CF Griffin Woodfinlevine to third
|
Batting: RHB Charles Josse
|
0-0: Ball 1-0: Called Strike 1-1: Ground out 6-3 (Groundball, 56, EV 97.5 MPH)
|
Bottom of the 2nd over - 3 runs, 4 hits, 0 errors, 1 left on base; Mississippi 3 - Thunder Bay 4 |
TOP OF THE 3RD |
Mississippi Mockingbirds batting - Pitching for Thunder Bay Northern Lions BC : RHP Roger Rodenburg
|
Batting: RHB Doug Allerdale
|
0-0: Ball 1-0: Ball 2-0: Ball 3-0: SINGLE (Flyball, 78M, EV 95.6 MPH)
|
Batting: RHB Júlio Coronado
|
0-0: Fly out, F9 (Flyball, 9LSF, EV 85.0 MPH)
|
Batting: LHB Jesús Lazcano
|
0-0: Ball 1-0: Ball 2-0: SINGLE (Groundball, 4MD, EV 109.4 MPH) Doug Allerdale to second
|
Batting: LHB Seb Blanch
|
0-0: Swinging Strike 0-1: Foul Ball, location: 2F 0-2: Foul Ball, location: 2F 0-2: Ball 1-2: SINGLE (Line Drive, 56D, EV 95.0 MPH) Doug Allerdale to third Jesús Lazcano to second
|
Batting: RHB Yong-hong Ren
|
0-0: Called Strike 0-1: Foul Ball, location: 2F 0-2: Fly out, F7 (Flyball, 78M, EV 87.5 MPH)
|
Batting: LHB Wu-shun Chu
|
0-0: Ball 1-0: Ball 2-0: SINGLE (Line Drive, 78S, EV 95.0 MPH) Doug Allerdale scores Jesús Lazcano to third Seb Blanch to second Runner from 3rd tries for Home, SAFE, no throw by LF
|
Batting: RHB Jorge Muńóz
|
0-0: Ball 1-0: Swinging Strike 1-1: Called Strike 1-2: Ball 2-2: Strikes out swinging
|
Top of the 3rd over - 2 runs, 4 hits, 0 errors, 2 left on base; Mississippi 5 - Thunder Bay 4 |
BOTTOM OF THE 3RD |
Thunder Bay Northern Lions BC batting - Pitching for Mississippi Mockingbirds : RHP Gary Ashley
|
Batting: LHB Keaton Kringlen
|
0-0: Ball 1-0: Swinging Strike 1-1: Ball 2-1: Swinging Strike 2-2: Ball 3-2: Foul Ball, location: 2F 3-2: Foul Ball, location: 2F 3-2: Strikes out swinging
|
Batting: LHB Sébastien Cornu
|
0-0: Ball 1-0: Foul Ball, location: 2F 1-1: Foul Ball, location: 2F 1-2: Fly out, F9 (Flyball, 89M, EV 90.6 MPH)
|
Batting: RHB Curf Pierstisnips
|
0-0: Ball 1-0: Fly out, F9 (Flyball, 89M, EV 91.2 MPH)
|
Bottom of the 3rd over - 0 runs, 0 hits, 0 errors, 0 left on base; Mississippi 5 - Thunder Bay 4 |
TOP OF THE 4TH |
Mississippi Mockingbirds batting - Pitching for Thunder Bay Northern Lions BC : RHP Roger Rodenburg
|
Batting: LHB Warren King
|
0-0: Ball 1-0: Reached on error, E4 (Groundball, 34, EV 85.0 MPH)
|
Batting: LHB Rylen Roersma
|
0-0: Called Strike 0-1: Ball 1-1: Ball 2-1: SINGLE (Groundball, 34S, EV 91.2 MPH) (infield hit) Warren King to third
|
Pitching: RHP Jean-Marie Beck
|
|
Batting: RHB Doug Allerdale
|
0-0: Ball 1-0: Called Strike 1-1: Ball 2-1: Ball 3-1: SINGLE (Flyball, 9LS, EV 93.8 MPH) Warren King scores Rylen Roersma to second Runner from 2nd tries for 3rd, SAFE, no throw by RF
|
Batting: RHB Júlio Coronado
|
0-0: Called Strike 0-1: Ball 1-1: Ball 2-1: Foul Ball, location: 2F 2-2: Foul Ball, location: 2F 2-2: Ball 3-2: Base on Balls Doug Allerdale to second
|
Batting: LHB Jesús Lazcano
|
0-0: Ball 1-0: Foul Ball, location: 2F 1-1: Fly out, F7 (Flyball, 78D, EV 86.9 MPH)
|
Batting: LHB Seb Blanch
|
0-0: Swinging Strike 0-1: Ball 1-1: Ball 2-1: Swinging Strike 2-2: Foul Ball, location: 2F 2-2: Strikes out swinging
|
Batting: RHB Yong-hong Ren
|
0-0: Hit by Pitch Rylen Roersma scores Doug Allerdale to third Júlio Coronado to second
|
Batting: LHB Wu-shun Chu
|
0-0: Ball 1-0: Reached on error, E4 (Groundball, 4, EV 85.6 MPH) Doug Allerdale scores Júlio Coronado scores Yong-hong Ren to third
|
Batting: RHB Jorge Muńóz
|
0-0: Swinging Strike 0-1: Ball 1-1: Foul Ball, location: 2F 1-2: Ball 2-2: Foul Ball, location: 2F 2-2: Foul Ball, location: 2F 2-2: Foul Ball, location: 2F 2-2: Strikes out swinging
|
Top of the 4th over - 4 runs, 2 hits, 2 errors, 2 left on base; Mississippi 9 - Thunder Bay 4 |
BOTTOM OF THE 4TH |
Thunder Bay Northern Lions BC batting - Pitching for Mississippi Mockingbirds : RHP Gary Ashley
|
Batting: LHB Yao-pang Chiang
|
0-0: Ball 1-0: Called Strike 1-1: Foul Ball, location: 2F 1-2: Foul Ball, location: 2F 1-2: Strikes out looking
|
Batting: RHB Dusty Crum
|
0-0: Ball 1-0: Ball 2-0: SINGLE (Line Drive, 8RS, EV 96.2 MPH)
|
Batting: RHB Griffin Woodfinlevine
|
0-0: Ball 1-0: Grounds into double play, 4-6-3 (Groundball, 34, EV 85.0 MPH)
|
Bottom of the 4th over - 0 runs, 1 hit, 0 errors, 0 left on base; Mississippi 9 - Thunder Bay 4 |
TOP OF THE 5TH |
Mississippi Mockingbirds batting - Pitching for Thunder Bay Northern Lions BC : RHP Jean-Marie Beck
|
Batting: LHB Warren King
|
0-0: Ball 1-0: Called Strike 1-1: Ball 2-1: TRIPLE (Flyball, 8LXD, EV 91.9 MPH)
|
Pitching: RHP Von Hansen
|
|
Batting: LHB Rylen Roersma
|
0-0: Ground out 4-3 (Groundball, 4, EV 83.1 MPH) Warren King scores
|
Batting: RHB Doug Allerdale
|
0-0: Ball 1-0: DOUBLE (Line Drive, 7LM, EV 103.1 MPH)
|
Batting: RHB Júlio Coronado
|
0-0: Called Strike 0-1: Called Strike 0-2: Strikes out swinging
|
Batting: LHB Jesús Lazcano
|
0-0: Called Strike 0-1: DOUBLE (Line Drive, 7LD, EV 105.6 MPH) Doug Allerdale scores
|
Batting: LHB Seb Blanch
|
0-0: Called Strike 0-1: Ball 1-1: Ball 2-1: Foul Ball, location: 2F 2-2: Foul Ball, location: 2F 2-2: Foul Ball, location: 2F 2-2: Hit by Pitch
|
Batting: RHB Yong-hong Ren
|
0-0: Ball 1-0: Ball 2-0: Called Strike 2-1: Called Strike 2-2: Strikes out swinging
|
Top of the 5th over - 2 runs, 3 hits, 0 errors, 2 left on base; Mississippi 11 - Thunder Bay 4 |
BOTTOM OF THE 5TH |
Thunder Bay Northern Lions BC batting - Pitching for Mississippi Mockingbirds : RHP Gary Ashley
|
Batting: LHB Barry Flauker
|
0-0: Ball 1-0: DOUBLE (Line Drive, 89D, EV 107.5 MPH)
|
Batting: LHB Ramón Padilla
|
0-0: Called Strike 0-1: Ball 1-1: Foul Ball, location: 2F 1-2: Strikes out swinging
|
Batting: RHB Charles Josse
|
0-0: Ball 1-0: Foul Ball, location: 2F 1-1: Ground out 2-3 (Groundball, 15S, EV 68.8 MPH) Barry Flauker to third
|
Batting: LHB Keaton Kringlen
|
0-0: Called Strike 0-1: Called Strike 0-2: Foul Ball, location: 2F 0-2: Ball 1-2: Ball 2-2: Foul Ball, location: 2F 2-2: Ground out 4-3 (Groundball, 4, EV 85.0 MPH)
|
Bottom of the 5th over - 0 runs, 1 hit, 0 errors, 1 left on base; Mississippi 11 - Thunder Bay 4 |
TOP OF THE 6TH |
Mississippi Mockingbirds batting - Pitching for Thunder Bay Northern Lions BC : RHP Von Hansen
|
Batting: LHB Wu-shun Chu
|
0-0: TRIPLE (Line Drive, 8RXD, EV 103.8 MPH)
|
Batting: RHB Jorge Muńóz
|
Balk! Wu-shun Chu scores 0-0: Foul Ball, location: 2F 0-1: Ball 1-1: Ground out 6-3 (Groundball, 6, EV 108.1 MPH)
|
Batting: LHB Warren King
|
0-0: Called Strike 0-1: Called Strike 0-2: Ball 1-2: Ball 2-2: Ball 3-2: Foul Ball, location: 2F 3-2: Strikes out swinging
|
Batting: LHB Rylen Roersma
|
0-0: Called Strike 0-1: Called Strike 0-2: Strikes out swinging
|
Top of the 6th over - 1 run, 1 hit, 0 errors, 0 left on base; Mississippi 12 - Thunder Bay 4 |
BOTTOM OF THE 6TH |
Thunder Bay Northern Lions BC batting - Pitching for Mississippi Mockingbirds : RHP Gary Ashley
|
Batting: LHB Sébastien Cornu
|
0-0: Called Strike 0-1: Ball 1-1: Swinging Strike 1-2: Strikes out swinging
|
Pitching: RHP Ewan Atwood
|
|
Batting: RHB Curf Pierstisnips
|
0-0: Ball 1-0: Ball 2-0: Called Strike 2-1: Called Strike 2-2: Ball 3-2: Strikes out looking
|
Batting: LHB Yao-pang Chiang
|
0-0: Ball 1-0: Ball 2-0: Foul Ball, location: 2F 2-1: SINGLE (Flyball, 9S, EV 89.4 MPH)
|
Batting: RHB Dusty Crum
|
0-0: Ball 1-0: Called Strike 1-1: 2-RUN HOME RUN (Flyball, 7LD, EV 91.9 MPH), Distance : 351 ft
|
Batting: RHB Griffin Woodfinlevine
|
0-0: Ball 1-0: Ball 2-0: Ball 3-0: Called Strike 3-1: SINGLE (Groundball, 34D, EV 110.6 MPH)
|
Batting: LHB Barry Flauker
|
0-0: Called Strike 0-1: Ball 1-1: Ball 2-1: Foul Ball, location: 2F 2-2: Fielders Choice at 2nd, 6-4 (Groundball, 6, EV 104.4 MPH)
|
Bottom of the 6th over - 2 runs, 3 hits, 0 errors, 1 left on base; Mississippi 12 - Thunder Bay 6 |
TOP OF THE 7TH |
Mississippi Mockingbirds batting - Pitching for Thunder Bay Northern Lions BC : RHP Von Hansen
|
Pitching: RHP Jonathan Jones
|
|
Batting: RHB Doug Allerdale
|
0-0: Ball 1-0: Called Strike 1-1: Swinging Strike 1-2: Foul Ball, location: 2F 1-2: Strikes out looking
|
Batting: RHB Júlio Coronado
|
0-0: Called Strike 0-1: Ball 1-1: Ball 2-1: Ball 3-1: Base on Balls
|
Batting: LHB Jesús Lazcano
|
Pickoff Throw to First - Out! 1-3 0-0: Ball 1-0: DOUBLE (Line Drive, 8LD, EV 99.4 MPH)
|
Batting: LHB Seb Blanch
|
0-0: Ball 1-0: Ball 2-0: Fly out, F8 (Flyball, 8LM, EV 90.6 MPH)
|
Top of the 7th over - 0 runs, 1 hit, 0 errors, 1 left on base; Mississippi 12 - Thunder Bay 6 |
BOTTOM OF THE 7TH |
Thunder Bay Northern Lions BC batting - Pitching for Mississippi Mockingbirds : RHP Ewan Atwood
|
Batting: LHB Ramón Padilla
|
0-0: Called Strike 0-1: Ball 1-1: Ball 2-1: Ball 3-1: Base on Balls
|
Batting: RHB Charles Josse
|
0-0: Foul Ball, location: 2F 0-1: Called Strike Ramón Padilla steals 2nd base 0-2: Ground out 6-3 (Groundball, 6, EV 88.8 MPH)
|
Batting: LHB Keaton Kringlen
|
0-0: Ball 1-0: Ball 2-0: Foul Ball, location: 2F 2-1: SINGLE (Line Drive, 56D, EV 98.1 MPH) Ramón Padilla to third Runner from 3rd tries for Home, throw by LF and OUT! 7-2 Keaton Kringlen to second
|
Batting: LHB Sébastien Cornu
|
0-0: Ball 1-0: Ball 2-0: Ball 3-0: Called Strike 3-1: Base on Balls
|
Batting: RHB Curf Pierstisnips
|
0-0: Ball 1-0: Called Strike 1-1: Swinging Strike 1-2: Strikes out swinging
|
Bottom of the 7th over - 0 runs, 1 hit, 0 errors, 2 left on base; Mississippi 12 - Thunder Bay 6 |
TOP OF THE 8TH |
Mississippi Mockingbirds batting - Pitching for Thunder Bay Northern Lions BC : RHP Jonathan Jones
|
Batting: RHB Yong-hong Ren
|
0-0: Ball 1-0: Ball 2-0: Ground out 4-3 (Groundball, 34, EV 104.4 MPH)
|
Batting: LHB Wu-shun Chu
|
0-0: Ball 1-0: Ball 2-0: Called Strike 2-1: Ball 3-1: Swinging Strike 3-2: Strikes out swinging
|
Batting: RHB Jorge Muńóz
|
0-0: Ball 1-0: Called Strike 1-1: Ball 2-1: Swinging Strike 2-2: Reached on error, E5 (Groundball, 5, EV 79.4 MPH)
|
Batting: LHB Warren King
|
0-0: Called Strike 0-1: Foul Ball, location: 2F 0-2: Ball 1-2: Ball 2-2: SINGLE (Flyball, 56D, EV 89.4 MPH) Jorge Muńóz to second
|
Batting: LHB Rylen Roersma
|
0-0: Called Strike 0-1: Swinging Strike 0-2: Strikes out swinging
|
Top of the 8th over - 0 runs, 1 hit, 1 error, 2 left on base; Mississippi 12 - Thunder Bay 6 |
BOTTOM OF THE 8TH |
Thunder Bay Northern Lions BC batting - Pitching for Mississippi Mockingbirds : RHP Ewan Atwood
|
Batting: LHB Yao-pang Chiang
|
0-0: Ball 1-0: Ball 2-0: Foul Ball, location: 2F 2-1: Ball 3-1: Base on Balls
|
Pitching: RHP Bill Glenn
|
|
Batting: RHB Dusty Crum
|
0-0: Ball 1-0: Ball 2-0: Fly out, F7 (Flyball, 7D, EV 101.9 MPH)
|
Batting: RHB Griffin Woodfinlevine
|
0-0: Ball 1-0: Ball 2-0: Fly out, F9 (Flyball, 9, EV 91.9 MPH)
|
Batting: LHB Barry Flauker
|
0-0: Ground out U3 (Groundball, 3, EV 78.1 MPH)
|
Bottom of the 8th over - 0 runs, 0 hits, 0 errors, 1 left on base; Mississippi 12 - Thunder Bay 6 |
TOP OF THE 9TH |
Mississippi Mockingbirds batting - Pitching for Thunder Bay Northern Lions BC : RHP Jonathan Jones
|
Pitching: RHP Greg Hoover
|
|
Batting: RHB Doug Allerdale
|
0-0: Foul Ball, location: 2F 0-1: Swinging Strike 0-2: Strikes out swinging
|
Batting: RHB Júlio Coronado
|
0-0: Ball 1-0: Ground out 6-3 (Groundball, 6, EV 75.6 MPH)
|
Batting: LHB Jesús Lazcano
|
0-0: Ball 1-0: Foul Ball, location: 2F 1-1: Ball 2-1: Swinging Strike 2-2: Ball 3-2: Foul Ball, location: 2F 3-2: Base on Balls
|
Batting: LHB Seb Blanch
|
0-0: Called Strike 0-1: Swinging Strike 0-2: Hit by Pitch Jesús Lazcano to second
|
Batting: RHB Yong-hong Ren
|
0-0: Ball 1-0: Called Strike 1-1: SINGLE (Line Drive, 89S, EV 103.8 MPH) Jesús Lazcano to third Seb Blanch to second Runner from 3rd tries for Home, SAFE, throw by RF to home
|
Batting: LHB Wu-shun Chu
|
0-0: Foul Ball, location: 2F 0-1: Fielders Choice at 2nd, 6-4 (Groundball, 56, EV 103.1 MPH)
|
Top of the 9th over - 1 run, 1 hit, 0 errors, 2 left on base; Mississippi 13 - Thunder Bay 6 |
BOTTOM OF THE 9TH |
Thunder Bay Northern Lions BC batting - Pitching for Mississippi Mockingbirds : RHP Bill Glenn
|
Batting: LHB Ramón Padilla
|
0-0: Called Strike 0-1: Ground out 5-3 (Groundball, 56, EV 103.8 MPH)
|
Batting: RHB Charles Josse
|
0-0: Ball 1-0: Foul Ball, location: 2F 1-1: Ball 2-1: Fly out, F8 (Flyball, 8RS, EV 76.9 MPH)
|
Batting: LHB Keaton Kringlen
|
0-0: Ball 1-0: Foul Ball, location: 2F 1-1: Swinging Strike 1-2: Fly out, F8 (Flyball, 8RS, EV 90.0 MPH)
|
Bottom of the 9th over - 0 runs, 0 hits, 0 errors, 0 left on base; Mississippi 13 - Thunder Bay 6 |
|